 Dungeon Crawl Stone Soup version 0.28.0-53-g5a82cb258f (webtiles) character file.

Game seed: 3719572717181486091

2002 Woods the Insei (level 9, -11/67 HPs)
             Began as a Gnoll Transmuter on June 1, 2022.
             Mangled by a soul eater (19 damage)
             ... summoned by a kobold demonologist
             ... on level 6 of the Dungeon.
             The game lasted 00:14:04 (8114 turns).

Woods the Insei (Gnoll Transmuter)                  Turns: 8114, Time: 00:14:04

Health: -11/67     AC:  2    Str:  9    XL:     9   Next: 22%
Magic:  0/18       EV: 23    Int: 17    God:
Gold:   471        SH:  0    Dex: 18    Spells: 8/21 levels left

rFire   . . .      SeeInvis .     - Unarmed
rCold   . . .      Faith    .   (shield currently unavailable)
rNeg    . . .      Spirit   +   (armour currently unavailable)
rPois   x          Reflect  .   (helmet currently unavailable)
rElec   .          Harm     .   (cloak currently unavailable)
rCorr   .          Rampage  .   (gloves currently unavailable)
Will    .....                   (boots currently unavailable)
Stlth   +++.......              l - amulet of guardian spirit
HPRegen 0.21/turn               (no ring)
MPRegen 0.16/turn               (no ring)

@: about to teleport, spider-form, spiked
A: venomous fangs, tiny, (fangs 1), strong nose, distributed training
a: End Transformation


You were on level 6 of the Dungeon.
You were a venomous arachnid creature.
You visited 1 branch of the dungeon, and saw 6 of its levels.
You also visited: Sewer.

You collected 471 gold pieces.

Inventory:

Armour
 a - a +0 robe (melded)
 g - a +0 ring mail
 h - a +0 cloak (melded)
 k - a +2 pair of gloves (melded)
 m - a +0 helmet (melded)
 B - a scarf of resistance
Jewellery
 j - a +6 ring of dexterity
 l - an amulet of guardian spirit (around neck)
 o - a +6 ring of dexterity
Wands
 r - a wand of mindburst (16)
 D - a wand of flame (19)
Scrolls
 c - a scroll of summoning {unknown}
 e - a scroll of blinking
 n - 2 scrolls of enchant weapon {unknown}
 q - a scroll of fear {unknown}
 t - a scroll of immolation {unknown}
 u - a scroll of teleportation
 w - 2 scrolls of magic mapping {unknown}
 y - a scroll of enchant armour {unknown}
 z - a scroll of acquirement {unknown}
 C - a scroll of identify
Potions
 b - 2 potions of heal wounds {unknown}
 d - 3 potions of brilliance
 f - 2 potions of attraction {unknown}
 i - 3 potions of lignification {unknown}
 p - a potion of curing {unknown}
 s - a potion of mutation {unknown}
 v - 2 potions of haste {unknown}
 x - 2 potions of degeneration {unknown}
 A - a potion of flight {unknown}


   Skills:
 + Level 4.8 Fighting
 + Level 4.0 Short Blades
 + Level 4.0 Long Blades
 + Level 4.0 Axes
 + Level 4.0 Maces & Flails
 + Level 4.0 Polearms
 + Level 4.0 Staves
 + Level 4.0 Slings
 + Level 4.0 Bows
 + Level 4.0 Crossbows
 + Level 4.0 Throwing
 + Level 4.0 Armour
 + Level 6.1 Dodging
 + Level 4.0 Stealth
 + Level 4.0 Shields
 + Level 7.7 Unarmed Combat
 + Level 6.5 Spellcasting
 + Level 3.3 Conjurations
 + Level 3.3 Hexes
 + Level 3.3 Summonings
 + Level 3.3 Necromancy
 + Level 3.3 Translocations
 + Level 5.1 Transmutations
 + Level 3.3 Fire Magic
 + Level 3.3 Ice Magic
 + Level 3.3 Air Magic
 + Level 3.3 Earth Magic
 + Level 3.3 Poison Magic
 + Level 4.4 Invocations
 + Level 4.0 Evocations


You had 8 spell levels left.
You knew the following spells:

 Your Spells              Type           Power      Damage    Failure   Level
a - Beastly Appendage     Tmut           44%        N/A       7%          1
b - Wereblood             Tmut           22%        N/A       9%          2
c - Spider Form           Tmut/Pois      19%        N/A       17%         3
d - Vampiric Draining     Necr           16%        2d7       24%         3
e - Ice Form              Ice/Tmut       19%        N/A       43%         4

Your spell library contained the following spells:

 Spells                   Type           Power      Damage    Failure   Level
 Slow                     Hex            64%        N/A       11%         1
 Call Canine Familiar     Summ           16%        N/A       24%         3
 Confusing Touch          Hex            16%        N/A       24%         3
 Portal Projectile        Hex/Tloc       32%        N/A       24%         3
 Leda's Liquefaction      Hex/Erth       8%         N/A       52%         4


Dungeon Overview and Level Annotations

Branches:
Dungeon (6/15)              Sewer (visited)
 Temple: D:4-7

Altars:


Innate Abilities, Weirdness & Mutations

You are a venomous arachnid creature.
You have poisonous fangs.
You are tiny and dextrous.
Your spellcasting is less reliable in this form.
Your armour is entirely melded.
You are incapable of wielding weapons or throwing items.
((You have very sharp teeth.))
Your uncanny sense of smell can sniff out nearby items.
Your experience applies equally to all skills.


Message History

Your +2 pair of gloves melds into your body.
Your +0 robe melds into your body.
The kobold demonologist hits you with a +0 dagger.
The red devil completely misses you.
You closely miss the kobold demonologist.
The kobold demonologist is lightly wounded.
You bite the kobold demonologist!
The kobold demonologist is moderately wounded.
The kobold demonologist mumbles some strange words.
The red devil hits you from afar with a +0 trident!!
Barbed spikes become lodged in your body.
You bite the kobold demonologist!
The kobold demonologist looks as sick as possible!
The kobold demonologist is heavily wounded.
The kobold demonologist casts a spell.
The red devil hits you from afar with a +0 trident!!
* * * LOW HITPOINT WARNING * * *
Barbed spikes become lodged in your body.
The barbs in your skin will harm you if you move.
Continue?
Okay, then.
The barbs in your skin will harm you if you move.
Continue?
The barbed spikes dig painfully into your body as you move.
* * * LOW HITPOINT WARNING * * *
Unknown command.
Blink to where?
Press: ? - help, Dir - move target
As you read the scroll of blinking, it crumbles to dust.
As you read the scroll of teleportation, it crumbles to dust.
You feel strangely unstable.
You bite the kobold demonologist!
The kobold demonologist is almost dead.
The kobold demonologist gestures wildly while chanting.
You hit the kobold demonologist.
The kobold demonologist is almost dead.
The kobold demonologist mumbles some strange words.
Unknown command.
You barely miss the kobold demonologist.
The kobold demonologist is almost dead.
The soul eater hits you!!
You die...

##....##################
#....# #.8### #....# ##
.+..'44## #....#
#W.8#..#83.# ##.[..#
.###+####.# ......#
#+#$!=$?c#5#
......###.########3#
........#..8#..#8K.#
...####.##..'..5s3##
...# #..####8)#### ...#
##....##'# ####
####....# ######


You could see 2 soul eaters, a kobold demonologist (very poisoned), an iron imp
(summoned) and a white imp (summoned).

Vanquished Creatures
  Duvessa (D:5)
  Edmund (D:5)
  An orc warrior (D:5)
  A centaur (D:5)
  A phantom (D:5)
  4 kobold brigands (Sewer)
  5 scorpions
  Dowan (D:5)
  A killer bee (D:5)
  A howler monkey (D:5)
  A centaur zombie (D:5)
  2 orc priests (D:6)
  4 hounds
  A jelly (D:4)
  2 bullfrog skeletons (D:5)
  3 centaur skeletons (D:5)
  Terence (D:2)
  4 iguanas
  An orc wizard (D:5)
  8 adders
  2 gnolls (D:5)
  7 river rats
  2 ufetubi (D:5)
  An adder skeleton (D:4)
  4 worms
  4 dart slugs
  7 orcs
  8 endoplasms
  A giant cockroach (D:2)
  13 goblins
  5 hobgoblins
  A jackal (D:3)
  12 quokkas
  11 ball pythons
  5 bats
  2 frilled lizards (D:1)
  13 kobolds
  21 rats
163 creatures vanquished.

Vanquished Creatures (others)
  5 toadstools (D:1)
5 creatures vanquished.

Grand Total: 168 creatures vanquished

Notes
Turn   | Place    | Note
-------+----------+-------------------------------------------
     0 | D:1      | Woods the Gnoll Transmuter began the quest for the Orb.
     0 | D:1      | Reached XP level 1. HP: 17/17 MP: 6/6
   157 | D:1      | Reached XP level 2. HP: 23/23 MP: 5/7
   777 | D:2      | Reached skill level 5 in Spellcasting
   777 | D:2      | Reached XP level 3. HP: 11/28 MP: 6/9
  1282 | D:2      | Reached skill level 1 in Invocations
  1497 | D:2      | Reached skill level 1 in Short Blades
  1497 | D:2      | Reached skill level 1 in Long Blades
  1497 | D:2      | Reached skill level 1 in Axes
  1497 | D:2      | Reached skill level 1 in Maces & Flails
  1497 | D:2      | Reached skill level 1 in Polearms
  1497 | D:2      | Reached skill level 1 in Staves
  1497 | D:2      | Reached skill level 1 in Slings
  1497 | D:2      | Reached skill level 1 in Bows
  1497 | D:2      | Reached skill level 1 in Crossbows
  1497 | D:2      | Reached skill level 1 in Throwing
  1497 | D:2      | Reached skill level 1 in Armour
  1497 | D:2      | Reached skill level 1 in Stealth
  1497 | D:2      | Reached skill level 1 in Shields
  1497 | D:2      | Reached skill level 1 in Evocations
  1515 | D:2      | Noticed Terence
  1522 | D:2      | Learned a level 2 spell: Wereblood
  1526 | D:2      | Learned a level 3 spell: Spider Form
  1536 | D:2      | Killed Terence
  1537 | D:2      | Reached XP level 4. HP: 34/34 MP: 8/11
  1670 | D:2      | Reached skill level 1 in Conjurations
  1670 | D:2      | Reached skill level 1 in Hexes
  1670 | D:2      | Reached skill level 1 in Summonings
  1670 | D:2      | Reached skill level 1 in Necromancy
  1670 | D:2      | Reached skill level 1 in Translocations
  1670 | D:2      | Reached skill level 1 in Fire Magic
  1670 | D:2      | Reached skill level 1 in Ice Magic
  1670 | D:2      | Reached skill level 1 in Air Magic
  1670 | D:2      | Reached skill level 1 in Earth Magic
  1670 | D:2      | Reached skill level 1 in Poison Magic
  1844 | D:2      | Learned a level 3 spell: Vampiric Draining
  2700 | D:3      | Found a faded altar of an unknown god.
  2803 | D:3      | Reached XP level 5. HP: 40/40 MP: 12/12
  3288 | D:4      | Found a glowing drain.
  3324 | Sewer    | Entered a sewer
  3480 | Sewer    | Noticed a kobold brigand
  3507 | Sewer    | Killed a kobold brigand
  3508 | Sewer    | Reached XP level 6. HP: 41/47 MP: 7/13
  3720 | Sewer    | Reached skill level 5 in Dodging
  3939 | Sewer    | Learned a level 4 spell: Ice Form
  3949 | Sewer    | Reached XP level 7. HP: 52/52 MP: 9/15
  4306 | D:4      | Reached skill level 7 in Unarmed Combat
  4904 | D:5      | Entered Level 5 of the Dungeon
  5107 | D:5      | Found the +7 staff of the Meek {protect, meekguard}
  5271 | D:5      | Noticed Duvessa
  5271 | D:5      | Noticed Dowan
  5357 | D:5      | Reached XP level 8. HP: 60/60 MP: 16/16
  5493 | D:5      | Noticed Edmund
  5530 | D:5      | Killed Edmund
  6195 | D:5      | Killed Duvessa
  6196 | D:5      | Killed Dowan
  6618 | D:5      | Identified the +2 robe "Paasoj" {rPois Str-5 Dex+10 Stlth-}
  7009 | D:5      | Reached skill level 5 in Transmutations
  7009 | D:5      | Reached XP level 9. HP: 66/66 MP: 16/18
  8096 | D:6      | Noticed a kobold demonologist
  8102 | D:6      | Noticed a red devil
  8108 | D:6      | Noticed a soul eater
  8109 | D:6      | Noticed an ice devil
  8113 | D:6      | Noticed a soul eater
  8114 | D:6      | Mangled by a soul eater

Illustrated notes

Levels and vault maps discovered:
D:1:      ldierk_walled_garden, layout_basic
D:2:      layout_basic, uniq_terence
D:3:      layout_basic, ebering_ecumenical_altar_rust, minmay_quadrilaterals
D:4:      minmay_chambers_of_twos, layout_loops_ring,
          cheibrodos_sewer_entry_drain
D:5:      lemuel_ratsnest, layout_basic, uniq_edmund, uniq_duvessa
D:6:      minmay_chambers_of_sixes, layout_basic

Skill      XL: |  1  2  3  4  5  6  7  8  9 |
---------------+----------------------------+-----
Spellcasting   | 5 6 |  6.5
Invocations    | 1 2 3 4 |  4.4
Short Blades   | 1 2 3 4 |  4.0
Long Blades    | 1 2 3 4 |  4.0
Axes           | 1 2 3 4 |  4.0
Maces & Flails | 1 2 3 4 |  4.0
Polearms       | 1 2 3 4 |  4.0
Staves         | 1 2 3 4 |  4.0
Slings         | 1 2 3 4 |  4.0
Bows           | 1 2 3 4 |  4.0
Crossbows      | 1 2 3 4 |  4.0
Throwing       | 1 2 3 4 |  4.0
Armour         | 1 2 3 4 |  4.0
Stealth        | 1 2 3 4 |  4.0
Shields        | 1 2 3 4 |  4.0
Evocations     | 1 2 3 4 |  4.0
Conjurations   | 1 2 3 |  3.3
Hexes          | 1 2 3 |  3.3
Summonings     | 1 2 3 |  3.3
Necromancy     | 1 2 3 |  3.3
Translocations | 1 2 3 |  3.3
Fire Magic     | 1 2 3 |  3.3
Ice Magic      | 1 2 3 |  3.3
Air Magic      | 1 2 3 |  3.3
Earth Magic    | 1 2 3 |  3.3
Poison Magic   | 1 2 3 |  3.3
Fighting       | 3 4 |  4.8
Transmutations | 4 5 |  5.1
Dodging        | 5 6 |  6.1
Unarmed Combat | 7 |  7.7

Action                   |  1- 3 |  4- 6 |  7- 9 || total
-------------------------+-------+-------+-------++-------
Melee: Unarmed           |    78 |   173 |   318 ||   569
       Kick              |     8 |    21 |    30 ||    59
       Headbutt          |     7 |    14 |    12 ||    33
       Bite              |     9 |    12 |    21 ||    42
       Punch             |     4 |     7 |    10 ||    21
 Cast: Beastly Appendage |    17 |    21 |    18 ||    56
       Spider Form       |     1 |     3 |    18 ||    22
       Ice Form          |       |     1 |     1 ||     2
       Vampiric Draining |       |       |     1 ||     1
       Wereblood         |       |       |     1 ||     1
 Abil: End Transformatio |       |     1 |     1 ||     2
  Use: Scroll            |       |       |     6 ||     6
 Stab: Sleeping          |     1 |     1 |     3 ||     5
Armor: Robe              |    25 |    24 |    39 ||    88
       Skin              |       |       |     9 ||     9
Dodge: Dodged            |    61 |    98 |   239 ||   398
